| TOP OF THE 1ST |
|
Joplin Blasters batting - Pitching for Houston Colt .45's : RHP Charles Picard
|
|
Pitching: RHP Charles Picard
|
|
|
Batting: RHB Angel Melendez
|
0-0: Ball 1-0: Called Strike 1-1: Called Strike 1-2: Strikes out swinging, 2-3 out at first.
|
|
Batting: RHB Dustin Peterson
|
0-0: Foul Ball, location: 2F 0-1: Ball 1-1: Called Strike 1-2: Ball 2-2: Foul Ball, location: 2F 2-2: Ball 3-2: Strikes out looking
|
|
Batting: RHB Mike McClung
|
0-0: SINGLE (Groundball, 6MD, EV 95.6 MPH)
|
|
Batting: RHB Tanner Holland
|
0-0: Ball 1-0: Called Strike 1-1: Called Strike 1-2: Strikes out swinging
|
| Top of the 1st over - 0 runs, 1 hit, 0 errors, 1 left on base; Joplin 0 - Houston 0 |
| BOTTOM OF THE 1ST |
|
Houston Colt .45's batting - Pitching for Joplin Blasters : RHP Abban Sartika
|
|
Pitching: RHP Abban Sartika
|
|
|
Batting: LHB Gong Tow
|
0-0: Ball 1-0: Ball 2-0: Called Strike 2-1: Ball 3-1: Foul Ball, location: 2F 3-2: Base on Balls
|
|
Batting: RHB Devon Healy
|
0-0: Called Strike 0-1: Called Strike 0-2: Ball 1-2: Foul Ball, location: 2F 1-2: Ball Gong Tow is caught stealing 2nd base 2-4 2-2: Ground out 5-3 (Groundball, 56, EV 79.4 MPH)
|
|
Batting: RHB Ralph Baltimore
|
0-0: Foul Ball, location: 2F 0-1: Ball 1-1: Called Strike 1-2: Strikes out swinging
|
| Bottom of the 1st over - 0 runs, 0 hits, 0 errors, 0 left on base; Joplin 0 - Houston 0 |
| TOP OF THE 2ND |
|
Joplin Blasters batting - Pitching for Houston Colt .45's : RHP Charles Picard
|
|
Batting: RHB Steve Huebner
|
0-0: Ball 1-0: Ball 2-0: Called Strike 2-1: Foul Ball, location: 2F 2-2: Strikes out swinging
|
|
Batting: LHB Willie Marquez
|
0-0: Ball 1-0: Foul Ball, location: 2F 1-1: SOLO HOME RUN (Line Drive, 89XD, EV 106.9 MPH), Distance : 413 ft
|
|
Batting: RHB Abban Sartika
|
0-0: Ball 1-0: Ball 2-0: Fly out, F9 (Flyball, 89M, EV 94.4 MPH)
|
|
Batting: RHB Nate Brewer
|
0-0: Ball 1-0: Called Strike 1-1: Ball 2-1: Swinging Strike 2-2: Foul Ball, location: 2F 2-2: Foul Ball, location: 2F 2-2: Ball 3-2: Foul Ball, location: 2F 3-2: Foul Ball, location: 2F 3-2: Foul Ball, location: 2F 3-2: Base on Balls
|
|
Batting: LHB Josh Lane
|
0-0: Called Strike 0-1: Fly out, F5 (Popup, 5SF, EV 83.1 MPH)
|
| Top of the 2nd over - 1 run, 1 hit, 0 errors, 1 left on base; Joplin 1 - Houston 0 |
| BOTTOM OF THE 2ND |
|
Houston Colt .45's batting - Pitching for Joplin Blasters : RHP Abban Sartika
|
|
Batting: LHB Vecdi Hodensack
|
0-0: Ball 1-0: Ball 2-0: Ball 3-0: Called Strike 3-1: Foul Ball, location: 2F 3-2: Base on Balls
|
|
Batting: RHB Doug Dark
|
0-0: Called Strike Vecdi Hodensack steals 2nd base (no throw) 0-1: Foul Ball, location: 2F 0-2: Ball 1-2: Fly out, F7 (Flyball, 7D, EV 105.6 MPH) Runner from 2nd tags up, SAFE at 3rd with throw by LF
|
|
Batting: RHB Fernan Tedeschi
|
0-0: Called Strike 0-1: Ball 1-1: Ball 2-1: Foul Ball, location: 2F 2-2: Foul Ball, location: 2F 2-2: SINGLE (Groundball, 34D, EV 102.5 MPH) Vecdi Hodensack scores
|
|
Batting: RHB Edward Chan
|
0-0: Ball 1-0: Ball 2-0: Foul Ball, location: 2F 2-1: Foul Ball, location: 2F 2-2: Strikes out swinging
|
|
Batting: LHB Casper Significant
|
0-0: Ball 1-0: Foul Ball, location: 2F 1-1: Fly out, F8 (Line Drive, 78M, EV 85.0 MPH)
|
| Bottom of the 2nd over - 1 run, 1 hit, 0 errors, 1 left on base; Joplin 1 - Houston 1 |
| TOP OF THE 3RD |
|
Joplin Blasters batting - Pitching for Houston Colt .45's : RHP Charles Picard
|
|
Batting: RHB Angel Melendez
|
0-0: Called Strike 0-1: Called Strike 0-2: Ball 1-2: Ball 2-2: Ground out 4-3 (Groundball, 34, EV 105.6 MPH)
|
|
Batting: RHB Dustin Peterson
|
0-0: Ball 1-0: Called Strike 1-1: Swinging Strike 1-2: Ball 2-2: Foul Ball, location: 2F 2-2: Strikes out swinging
|
|
Batting: RHB Mike McClung
|
0-0: SINGLE (Groundball, 56D, EV 98.8 MPH)
|
|
Batting: RHB Tanner Holland
|
0-0: Ball 1-0: Called Strike 1-1: Foul Ball, location: 2F 1-2: Fly out, F4 (Popup, 4, EV 76.2 MPH)
|
| Top of the 3rd over - 0 runs, 1 hit, 0 errors, 1 left on base; Joplin 1 - Houston 1 |
| BOTTOM OF THE 3RD |
|
Houston Colt .45's batting - Pitching for Joplin Blasters : RHP Abban Sartika
|
|
Batting: RHB Jay Hussey
|
0-0: Ball 1-0: Called Strike 1-1: Foul Ball, location: 2F 1-2: Ball 2-2: Foul Ball, location: 2F 2-2: Ball 3-2: Foul Ball, location: 2F 3-2: Ground out 4-3 (Groundball, 34, EV 86.9 MPH)
|
|
Batting: LHB Gong Tow
|
0-0: Called Strike 0-1: Called Strike 0-2: Ball 1-2: Ball 2-2: Ball 3-2: Base on Balls
|
|
Batting: RHB Devon Healy
|
0-0: Swinging Strike 0-1: SINGLE (Line Drive, 56D, EV 95.0 MPH) Gong Tow to second
|
|
Batting: RHB Ralph Baltimore
|
0-0: Called Strike 0-1: Swinging Strike 0-2: Strikes out looking
|
|
Batting: LHB Vecdi Hodensack
|
0-0: Called Strike 0-1: Ball 1-1: Ball 2-1: Foul Ball, location: 2F 2-2: Ball 3-2: Foul Ball, location: 2F 3-2: Strikes out swinging, 2-3 out at first.
|
| Bottom of the 3rd over - 0 runs, 1 hit, 0 errors, 2 left on base; Joplin 1 - Houston 1 |
| TOP OF THE 4TH |
|
Joplin Blasters batting - Pitching for Houston Colt .45's : RHP Charles Picard
|
|
Batting: RHB Steve Huebner
|
0-0: Fly out, F9 (Flyball, 8RS, EV 83.1 MPH)
|
|
Batting: LHB Willie Marquez
|
0-0: Ball 1-0: Fly out, F5 (Popup, 5S, EV 75.0 MPH)
|
|
Batting: RHB Abban Sartika
|
0-0: Called Strike 0-1: Ball 1-1: Foul Ball, location: 2F 1-2: Strikes out swinging
|
| Top of the 4th over - 0 runs, 0 hits, 0 errors, 0 left on base; Joplin 1 - Houston 1 |
| BOTTOM OF THE 4TH |
|
Houston Colt .45's batting - Pitching for Joplin Blasters : RHP Abban Sartika
|
|
Batting: RHB Doug Dark
|
0-0: Called Strike 0-1: Called Strike 0-2: Ground out 5-3 (Groundball, 56, EV 81.2 MPH)
|
|
Batting: RHB Fernan Tedeschi
|
0-0: Called Strike 0-1: SINGLE (Groundball, 4MD, EV 103.1 MPH)
|
|
Batting: RHB Edward Chan
|
0-0: Foul Ball, location: 2F 0-1: Called Strike 0-2: Ball 1-2: Foul Ball, location: 2F 1-2: Ball 2-2: Strikes out swinging
|
|
Batting: LHB Casper Significant
|
0-0: SINGLE (Flyball, 5D, EV 90.6 MPH) Fernan Tedeschi to second
|
|
Batting: RHB Jay Hussey
|
0-0: Foul Ball, location: 2F 0-1: Foul Ball, location: 2F 0-2: Ball 1-2: Foul Ball, location: 2F 1-2: DOUBLE (Groundball, 3D, EV 110.0 MPH) Fernan Tedeschi scores Casper Significant to third Runner from 3rd tries for Home, SAFE, no throw by RF
|
|
Batting: LHB Gong Tow
|
0-0: Ball 1-0: Ground out 5-3 (Groundball, 56S, EV 90.6 MPH)
|
| Bottom of the 4th over - 2 runs, 3 hits, 0 errors, 1 left on base; Joplin 1 - Houston 3 |
| TOP OF THE 5TH |
|
Joplin Blasters batting - Pitching for Houston Colt .45's : RHP Charles Picard
|
|
Batting: RHB Nate Brewer
|
0-0: SINGLE (Flyball, 7LS, EV 96.2 MPH)
|
|
Batting: LHB Josh Lane
|
0-0: Ball 1-0: Ball 2-0: Called Strike 2-1: Foul Ball, location: 2F 2-2: Grounds out, U3 (Groundball, 3L, EV 83.8 MPH)
|
|
Batting: RHB Angel Melendez
|
0-0: Called Strike 0-1: Ball 1-1: Foul Ball, location: 2F 1-2: Strikes out swinging
|
|
Batting: RHB Dustin Peterson
|
0-0: Ball 1-0: Foul Ball, location: 2F 1-1: Foul Ball, location: 2F 1-2: Ball 2-2: Strikes out swinging
|
| Top of the 5th over - 0 runs, 1 hit, 0 errors, 1 left on base; Joplin 1 - Houston 3 |
| BOTTOM OF THE 5TH |
|
Houston Colt .45's batting - Pitching for Joplin Blasters : RHP Abban Sartika
|
|
Batting: RHB Devon Healy
|
0-0: Ball 1-0: Ball 2-0: Ball 3-0: Base on Balls
|
|
Batting: RHB Ralph Baltimore
|
0-0: SINGLE (Line Drive, 56, EV 98.1 MPH) Devon Healy to second
|
|
Batting: LHB Vecdi Hodensack
|
0-0: Foul Ball, location: 2F 0-1: Foul Ball, location: 2F 0-2: Strikes out swinging
|
|
Batting: RHB Doug Dark
|
0-0: Ball 1-0: Ball 2-0: Called Strike 2-1: Called Strike 2-2: Ball 3-2: Strikes out swinging
|
|
Batting: RHB Fernan Tedeschi
|
0-0: Fly out, F8 (Line Drive, 8LD, EV 93.8 MPH)
|
| Bottom of the 5th over - 0 runs, 1 hit, 0 errors, 2 left on base; Joplin 1 - Houston 3 |
| TOP OF THE 6TH |
|
Joplin Blasters batting - Pitching for Houston Colt .45's : RHP Charles Picard
|
|
Batting: RHB Mike McClung
|
0-0: SINGLE (Flyball, 7LS, EV 85.6 MPH)
|
|
Batting: RHB Tanner Holland
|
0-0: Ball 1-0: Ball 2-0: Foul Ball, location: 2F 2-1: Foul Ball, location: 2F 2-2: Foul Ball, location: 2F 2-2: Ball 3-2: Foul Ball, location: 2F 3-2: Base on Balls Mike McClung to second
|
|
Pitching: RHP Howard Hoult
|
|
|
Pinch Hitting: RHB Mike Stokes
|
0-0: Ball 1-0: Grounds into double play, 6-4-3 (Groundball, 6, EV 88.8 MPH) Mike McClung to third
|
|
Batting: LHB Willie Marquez
|
0-0: Ball 1-0: Called Strike 1-1: Ball 2-1: Foul Ball, location: 2F 2-2: Foul Ball, location: 2F 2-2: Ball 3-2: Strikes out looking
|
| Top of the 6th over - 0 runs, 1 hit, 0 errors, 1 left on base; Joplin 1 - Houston 3 |
| BOTTOM OF THE 6TH |
|
Houston Colt .45's batting - Pitching for Joplin Blasters : RHP Abban Sartika
|
|
Now in RF: Mike Stokes
|
|
|
Batting: RHB Edward Chan
|
0-0: Ball 1-0: Swinging Strike 1-1: Ball 2-1: Fly out, F9 (Flyball, 89D, EV 81.9 MPH)
|
|
Batting: LHB Casper Significant
|
0-0: Ball 1-0: Fly out, F9 (Line Drive, 89M, EV 95.0 MPH)
|
|
Batting: RHB Jay Hussey
|
0-0: Ball 1-0: Reaches on Catchers interference
|
|
Batting: LHB Gong Tow
|
0-0: Called Strike 0-1: Ball 1-1: Foul Ball, location: 2F 1-2: Foul Ball, location: 2F 1-2: Ball 2-2: Foul Ball, location: 2F 2-2: Ground out 3-1 (Groundball, 3D, EV 96.2 MPH)
|
| Bottom of the 6th over - 0 runs, 0 hits, 1 error, 1 left on base; Joplin 1 - Houston 3 |
| TOP OF THE 7TH |
|
Joplin Blasters batting - Pitching for Houston Colt .45's : RHP Howard Hoult
|
|
Batting: RHB Abban Sartika
|
0-0: Ball 1-0: Called Strike 1-1: Ball 2-1: SINGLE (Groundball, 34D, EV 108.1 MPH)
|
|
Pinch Hitting: RHB Carlos Castillo
|
0-0: Ball 1-0: Ball 2-0: Called Strike 2-1: Fly out, F8 (Flyball, 8RM, EV 99.4 MPH)
|
|
Pinch Hitting: RHB Jin-hoi Hur
|
0-0: SINGLE (Groundball, 4MD, EV 93.8 MPH) Abban Sartika to second
|
|
Pinch Hitting: RHB Cody Marshall
|
0-0: Ball 1-0: Ball 2-0: Called Strike 2-1: Swinging Strike 2-2: Strikes out swinging
|
|
Batting: RHB Dustin Peterson
|
0-0: Ball 1-0: Foul Ball, location: 2F 1-1: Swinging Strike 1-2: Strikes out swinging
|
| Top of the 7th over - 0 runs, 2 hits, 0 errors, 2 left on base; Joplin 1 - Houston 3 |
| BOTTOM OF THE 7TH |
|
Houston Colt .45's batting - Pitching for Joplin Blasters : RHP Abban Sartika
|
|
Now at 2B: Jin-hoi Hur
|
|
|
Now at 3B: Cody Marshall
|
|
|
Now in CF: Alex Valadez
|
|
|
Batting: RHB Devon Healy
|
0-0: Ball 1-0: Fly out, F3 (Popup, 23F, EV 86.9 MPH)
|
|
Batting: RHB Ralph Baltimore
|
0-0: Ball 1-0: Ball 2-0: Called Strike 2-1: Foul Ball, location: 2F 2-2: SINGLE (Groundball, 6MS, EV 64.4 MPH) (infield hit)
|
|
Batting: LHB Vecdi Hodensack
|
0-0: Ball 1-0: Swinging Strike 1-1: Foul Ball, location: 2F 1-2: Ball 2-2: Foul Ball, location: 2F 2-2: Foul Ball, location: 2F 2-2: Fly out, F8 (Flyball, 8RD, EV 101.9 MPH)
|
|
Batting: RHB Doug Dark
|
0-0: DOUBLE (Flyball, 9LM, EV 112.5 MPH) Ralph Baltimore to third Runner from 3rd tries for Home, SAFE, throw by RF to trailing runner, SAFE at third!
|
|
Batting: RHB Fernan Tedeschi
|
0-0: Ball 1-0: Ball 2-0: Ball 3-0: Called Strike 3-1: Swinging Strike 3-2: Strikes out swinging
|
| Bottom of the 7th over - 1 run, 2 hits, 0 errors, 1 left on base; Joplin 1 - Houston 4 |
| TOP OF THE 8TH |
|
Joplin Blasters batting - Pitching for Houston Colt .45's : RHP Howard Hoult
|
|
Pitching: RHP Sam Williams
|
|
|
Batting: RHB Mike McClung
|
0-0: Called Strike 0-1: DOUBLE (Line Drive, 78D, EV 106.2 MPH)
|
|
Batting: RHB Tanner Holland
|
0-0: Called Strike 0-1: Ball 1-1: Ball 2-1: Swinging Strike 2-2: Ball 3-2: Base on Balls
|
|
Batting: RHB Mike Stokes
|
0-0: Ball 1-0: Called Strike 1-1: Grounds into double play, 6-4-3 (Groundball, 6, EV 86.9 MPH) Mike McClung to third
|
|
Batting: LHB Willie Marquez
|
0-0: Ball 1-0: Ball 2-0: Called Strike 2-1: Swinging Strike 2-2: Strikes out swinging
|
| Top of the 8th over - 0 runs, 1 hit, 0 errors, 1 left on base; Joplin 1 - Houston 4 |
| BOTTOM OF THE 8TH |
|
Houston Colt .45's batting - Pitching for Joplin Blasters : RHP Abban Sartika
|
|
Batting: RHB Edward Chan
|
0-0: Ball 1-0: Foul Ball, location: 2F 1-1: Swinging Strike 1-2: Ball 2-2: Ball 3-2: Ground out U3 (Groundball, 34S, EV 87.5 MPH)
|
|
Batting: LHB Casper Significant
|
0-0: Ground out 4-3 (Groundball, 4, EV 85.0 MPH)
|
|
Batting: RHB Jay Hussey
|
0-0: Foul Ball, location: 2F 0-1: Ball 1-1: Ball 2-1: Foul Ball, location: 2F 2-2: Ball 3-2: Strikes out swinging
|
| Bottom of the 8th over - 0 runs, 0 hits, 0 errors, 0 left on base; Joplin 1 - Houston 4 |
| TOP OF THE 9TH |
|
Joplin Blasters batting - Pitching for Houston Colt .45's : RHP Sam Williams
|
|
Pitching: LHP Simeone Lulli
|
|
|
Batting: RHB Abban Sartika
|
0-0: Ball 1-0: Ball 2-0: Called Strike 2-1: Ball 3-1: Foul Ball, location: 2F 3-2: Foul Ball, location: 2F 3-2: Base on Balls
|
|
Batting: RHB Alex Valadez
|
0-0: Ball 1-0: Foul Ball, location: 2F 1-1: Foul Ball, location: 2F 1-2: Fly out, F8 (Flyball, 89D, EV 93.1 MPH)
|
|
Pinch Hitting: RHB Colin Padgett
|
0-0: Ball 1-0: SINGLE (Groundball, 4MD, EV 101.9 MPH) Abban Sartika to second
|
|
Batting: RHB Cody Marshall
|
0-0: Fly out, F4 (Popup, 4S, EV 73.8 MPH)
|
|
Batting: RHB Dustin Peterson
|
0-0: Foul Ball, location: 2F 0-1: Ball 1-1: Ball 2-1: Foul Ball, location: 2F 2-2: Strikes out swinging
|
| Top of the 9th over - 0 runs, 1 hit, 0 errors, 2 left on base; Joplin 1 - Houston 4 |
|